 Seeded DCSS version 0.29.1-2-gbd0b4ee654 (webtiles) character file.

Game seed: 14047348325871317230 (custom seed)

19 GigaChad the Shield-Bearer (level 2, -1/29 HPs)
             Began as a Troll Fighter on Nov 22, 2022.
             Was a Follower of Zin.
             Killed from afar by Sigmund (9 damage)
             ... with a magic dart
             ... on level 2 of the Dungeon.
             The game lasted 00:01:39 (667 turns).

GigaChad the Shield-Bearer (Troll Fighter)           Turns: 667, Time: 00:01:40

Health: -1/29      AC:  4    Str: 23    XL:     2   Next: 55%
Magic:  1/1        EV:  8    Int:  4    God:    Zin [*.....]
Gold:   53         SH:  0    Dex:  9    Spells: 1/1 levels left

rFire   . . .      SeeInvis .     - Unarmed
rCold   . . .      Faith    .   d - +1 kite shield of Jinlus {Rampage}
rNeg    . . .      Spirit   .   a - +0 robe
rPois   .          Reflect  .   (helmet restricted)
rElec   .          Harm     .   (no cloak)
rCorr   .          Rampage  +   (gloves unavailable)
Will    .....                   (boots unavailable)
Stlth   +.........              (no amulet)
HPRegen 0.89/turn               (no ring)
MPRegen 0.07/turn               (no ring)

@: confused
A: large, unfitting armour, claws 3, regeneration 1, shaggy fur 1, tough skin 1
a: Renounce Religion, Recite, Donate Gold


You were on level 2 of the Dungeon.
You worshipped Zin.
Zin was aware of your devotion.
You visited 1 branch of the dungeon, and saw 2 of its levels.

You collected 58 gold pieces.
You donated 5 gold pieces to Zin.

Inventory:

Armour
 a - a +0 robe (worn)
 b - a +0 kite shield
 d - the +1 kite shield of Jinlus (worn) {Rampage}
   (You acquired it on level 1 of the Dungeon)

   Rampage:   It bestows one free step when moving towards enemies.
Jewellery
 f - a ring of poison resistance
Scrolls
 e - a scroll of noise {unknown}
 g - 3 scrolls of identify {unknown}
 h - a scroll of vulnerability {unknown}
 i - a scroll of enchant weapon {unknown}
Potions
 c - a potion of might


   Skills:
 + Level 2.6 Fighting
 + Level 2.6 Dodging
 + Level 3.0 Shields
 + Level 2.2 Unarmed Combat


You had one spell level left.
You didn't know any spells.
Your spell library was empty.

Dungeon Overview and Level Annotations

Branches:
Dungeon (2/15)

Altars:
Zin

Annotations:
D:2 Sigmund


Innate Abilities, Weirdness & Mutations

You are too large for most types of armour.
You have claws for hands.
Your natural rate of healing is unusually fast.
You are covered in fur. (AC +1)
You have tough skin. (AC +1)


Message History

Things that are here:
a +0 dagger; a kobold corpse
Found a pair of gloves.
You see here a scroll labelled QYITTIE TAYSCHI.
Sigmund the Dreaded comes into view.
He is wielding a +0 scythe.
Sigmund shouts!
The goblin attacks as you move away! The goblin hits you but does no damage.
Sigmund laughs darkly.
The goblin closely misses you.
You see here a scroll labelled HEDDIPS NEUT.
You barely miss the goblin. The goblin hits you with a +0 dagger.
You scratch the goblin.
You kill the goblin!
Sigmund gestures at you while chanting. You resist with significant effort.
Things that are here:
a +0 dagger; a goblin corpse Sigmund hits you from afar with a +0 scythe!
Sigmund casts a spell at you. The magic dart hits you.
Sigmund gestures wildly while chanting.
Sigmund flickers and vanishes!
Deactivating autopickup; reactivate with Ctrl-A.
You scratch something.
You hear some strange, mumbled words.
You are confused.
Something completely misses you. Something hits you.
You feel less confused. Something hits you! Something hits you!
* * * LOW HITPOINT WARNING * * *
You miss something.
You hear some strange, mumbled words.
You are confused.
You barely miss something.
You hear some strange, mumbled words.
A magic dart appears from out of thin air!
The magic dart hits you!
You die...

.......[..).
#..........#
#..........#
..#####........#
...............##
#..........#
#.?).......#
#..........#
#......{@..#
#..........#
##...)....##
##..?...##
########


There were no monsters in sight!

Vanquished Creatures
  5 endoplasms (D:1)
  A giant cockroach (D:1)
  2 goblins
  A hobgoblin (D:1)
  3 kobolds
  A quokka (D:1)
  2 ball pythons (D:1)
  2 bats (D:1)
17 creatures vanquished.

Notes
Turn   | Place    | Note
-------+----------+-------------------------------------------
     0 | D:1      | GigaChad the Troll Fighter began the quest for the Orb.
     0 | D:1      | Reached XP level 1. HP: 22/22 MP: 0/0
    42 | D:1      | Found a faded altar of an unknown god.
    59 | D:1      | Prayed at the altar of an unknown god.
    59 | D:1      | Became a worshipper of Zin the Law-Giver
    59 | D:1      | Reached * piety under Zin
   170 | D:1      | Identified a scroll of acquirement
   170 | D:1      | Acquired the +1 kite shield of Jinlus {Rampage}
   190 | D:1      | Reached XP level 2. HP: 29/29 MP: 1/1
   462 | D:1      | Reached skill level 3 in Shields
   646 | D:2      | Noticed Sigmund
   667 | D:2      | Killed from afar by Sigmund

Illustrated notes

Levels and vault maps discovered:
D:1:      psy_arrival_fountain, layout_loops_cross,
          dreamdust_ecumenical_altar_statues, minmay_tromino_v7
D:2:      layout_rooms, basic_altar, bh_walls_and_bars, uniq_robin, uniq_sigmund

Skill      XL: |  1  2 |
---------------+-------+-----
Shields        | 3 |  3.0
Fighting       | |  2.6
Dodging        | |  2.6
Unarmed Combat | |  2.2

Action                   || total
-------------------------++-------
Melee: Unarmed           ||    36
  Use: Scroll            ||     1
Armor: Robe              ||     9
Dodge: Dodged            ||     7
Block: Kite shield       ||    11
